 Dungeon Crawl Stone Soup version 0.21.0-25-ge575cb9 (webtiles) character file.

1162 nikopol the Cudgeler (level 8, -2/72 HPs)
             Began as a Gargoyle Fighter on Jan 22, 2018.
             Was an Initiate of Okawaru.
             Slain by an orc warrior
             ... wielding a +0 hand axe
              (9 damage)
             ... on level 5 of the Dungeon.
             The game lasted 00:12:05 (4119 turns).

nikopol the Cudgeler (Gargoyle Fighter)             Turns: 4119, Time: 00:12:06

Health: -2/72      AC: 19    Str: 27    XL:     8   Next: 39%
Magic:  8/8        EV:  7    Int:  8    God:    Okawaru [......]
Gold:   266        SH: 10    Dex: 10    Spells: 7/7 levels left

rFire    + . .     SeeInvis .   a - +0 flail
rCold    . . .     Gourm    .   c - +0 shield
rNeg     + . .     Faith    .   x - +1 chain mail {MR+}
rPois    ∞         Spirit   .   (no helmet)
rElec    +         Reflect  .   (no cloak)
rCorr    .         Harm     +   o - +0 pair of gloves
MR       +....                  h - +0 pair of boots
Stlth    ..........             A - amulet of harm
HPRegen  0.22/turn              v - ring of wizardry (curse)
MPRegen  0.11/turn              z - ring of protection from fire

@: berserking (expiring), very quick
A: negative energy resistance 1, electricity resistance, unbreathing,
petrification resistance, rot immunity, AC +5
a: Renounce Religion


You were on level 5 of the Dungeon.
You worshipped Okawaru.
Okawaru was noncommittal.
You were not hungry.

You visited 2 branches of the dungeon, and saw 6 of its levels.

You collected 266 gold pieces.

Inventory:

Hand Weapons
 a - a +0 flail (weapon)
Missiles
 q - 65 stones
 B - 7 steel javelins (quivered)
Armour
 c - a +0 shield (worn)
 h - a +0 pair of boots (worn)
 o - a +0 pair of gloves (worn)
 x - a +1 chain mail of magic resistance (worn)
Jewellery
 v - a cursed ring of wizardry (left hand)
 z - a ring of protection from fire (right hand)
 A - an amulet of harm (around neck)
Scrolls
 b - a scroll of random uselessness {unknown}
 g - 2 scrolls of blinking {unknown}
 i - a scroll of amnesia {unknown}
 j - 2 scrolls of identify
 l - 3 scrolls of remove curse {unknown}
 p - a scroll of immolation {unknown}
 s - 2 scrolls of fear {unknown}
 t - 4 scrolls of enchant weapon {unknown}
 u - 2 scrolls of enchant armour {unknown}
 y - a scroll of magic mapping {unknown}
Potions
 d - a potion of might
 k - 5 potions of lignification
 m - a potion of agility
 n - 3 potions of curing
 r - a potion of brilliance
 w - a potion of magic {unknown}
 C - a potion of haste {unknown}
Comestibles
 f - 12 rations


   Skills:
 + Level 4.7 Fighting
 + Level 6.4 Maces & Flails
 + Level 0.6 Throwing
 + Level 5.5 Armour
 + Level 2.2 Dodging
 + Level 1.0 Stealth
 + Level 5.6 Shields


You had 7 spell levels left.
You didn't know any spells.

Dungeon Overview and Level Annotations

Branches:
Dungeon (5/15)             Temple (1/1) D:4

Altars:
Cheibriados
Makhleb
Okawaru
Ru
Trog
Uskayaw
Wu Jian
Xom
Zin

Shops:
D:4 (}   D:5 ([}

Annotations:
D:4 2 transporters


Innate Abilities, Weirdness & Mutations

You are resistant to torment.
Your stone body is resilient. (AC +5)
You are immune to poison.
You resist negative energy. (rN+)
You are resistant to electric shocks. (rElec)
You can survive without breathing.
You are immune to petrification.
You are immune to rotting.


Message History

Your Stealth skill increases to level 1!
You sock the orc!
You kill the orc!
Okawaru accepts your kill.
You completely miss the orc priest.
The orc priest looks encouraged for a moment.
You hit the orc priest.
The orc priest is lightly wounded.
You block the orc priest's attack.
You closely miss the orc priest.
The orc priest is lightly wounded.
You barely miss the orc priest.
The orc priest is lightly wounded.
You block the orc priest's attack.
You sock the orc priest!
You kill the orc priest!
Okawaru accepts your kill.
The centaur shoots an arrow.
You block the arrow.
The orc warrior hits you with a hand axe!
You die...

......#
##..............
.....##
#...........!..
...###
#.........>....
..##
#......(.......
.##
#.....(........
..##
##..∩..........
...##
##.........##.
....##
##..oc...##
.....####
####@.###
........# #..###
.......## #..##
####....####..#
#.....#...#
##........#
##.......#
##..[...##.
#####..........


You could see an orc warrior and a centaur.

Vanquished Creatures
  The ghost of komo4ek the Stinger, a novice NaVM (D:4)
  An ice beast (D:4)
  A phantom (D:4)
  An ogre (D:5)
  A scorpion (D:4)
  A howler monkey (D:4)
  2 crimson imps
  A jelly (D:5)
  A bullfrog skeleton (D:4)
  An orc priest (D:5)
  A gnoll shaman (D:4)
  A centaur skeleton (D:4)
  2 iguanas
  A worker ant (D:5)
  A hound skeleton (D:4)
  3 gnolls (D:4)
  A worker ant zombie (D:5)
  4 adders
  A shadow imp (D:5)
  3 oozes
  An adder skeleton (D:4)
  A worm (D:2)
  3 dart slugs
  2 leopard geckos
  5 orcs
  A ball python (D:3)
  5 giant cockroaches
  9 goblins
  4 hobgoblins
  2 jackals (D:1)
  A quokka (D:2)
  8 bats
  3 frilled lizards
  2 jackal skeletons (D:4)
  8 kobolds
  A quokka zombie (D:5)
  9 rats
94 creatures vanquished.

Notes
Turn   | Place    | Note
-------+----------+-------------------------------------------
     0 | D:1      | nikopol the Gargoyle Fighter began the quest for the Orb.
     0 | D:1      | Reached XP level 1. HP: 14/14 MP: 1/1
    31 | D:1      | Reached XP level 2. HP: 14/19 MP: 2/2
   489 | D:2      | Reached XP level 3. HP: 19/23 MP: 3/3
   830 | D:2      | Reached XP level 4. HP: 27/28 MP: 4/4
  1193 | D:3      | HP: 1/28 [iguana (4)]
  1253 | D:2      | Reached skill level 1 in Dodging
  1563 | D:2      | Reached skill level 3 in Maces & Flails
  1847 | D:3      | Reached XP level 5. HP: 33/33 MP: 5/5
  1908 | D:3      | Found a bloodstained altar of Trog.
  2190 | D:4      | Noticed komo4ek's ghost (novice NaVM)
  2281 | D:4      | Killed komo4ek's ghost
  2281 | D:4      | Reached skill level 4 in Maces & Flails
  2281 | D:4      | Reached skill level 5 in Armour
  2281 | D:4      | Reached XP level 6. HP: 27/38 MP: 6/6
  2281 | D:4      | Reached XP level 7. HP: 31/43 MP: 7/7
  2338 | D:4      | Paralysed by a crimson imp for 3 turns
  2573 | D:4      | Found a transporter.
  2637 | D:4      | Reached skill level 5 in Maces & Flails
  2637 | D:4      | Reached skill level 5 in Shields
  2711 | D:4      | Found Niofobli's Antique Weapon Emporium.
  2819 | D:4      | Found a transporter.
  2846 | D:4      | Found a burning altar of Makhleb.
  2856 | D:4      | Found Doinwu's Gadget Emporium.
  2865 | D:4      | Found a shimmering altar of Xom.
  2979 | D:4      | Found a staircase to the Ecumenical Temple.
  3087 | Temple   | Entered the Ecumenical Temple
  3106 | Temple   | Became a worshipper of Warmaster Okawaru
  3142 | D:4      | Reached XP level 8. HP: 48/48 MP: 8/8
  3424 | D:4      | Found a snail-covered altar of Cheibriados.
  3651 | D:5      | Entered Level 5 of the Dungeon
  3651 | D:5      | Found Icimaria's Weapon Shop.
  3680 | D:5      | Reached skill level 6 in Maces & Flails
  4024 | D:5      | Found Kehuv's Antique Armour Boutique.
  4084 | D:5      | Found Kogaal's Gadget Shop.
  4112 | D:5      | Reached skill level 1 in Stealth
  4119 | D:5      | Slain by an orc warrior

Skill      XL: |  1  2  3  4  5  6  7  8 |
---------------+-------------------------+-----
Shields        | 4 5 |  5.6
Dodging        | 1 2 |  2.2
Maces & Flails | 3 4 5 6 |  6.4
Armour         | 5 |  5.5
Fighting       | 4 |  4.7
Stealth        | 1 |  1.0
Throwing       | |  0.6

Action                   |  1- 3 |  4- 6 |  7- 9 || total
-------------------------+-------+-------+-------++-------
Melee: Flail             |   112 |   131 |   186 ||   429
Throw: Javelin           |       |     2 |     8 ||    10
       Stone             |       |       |     1 ||     1
  Use: Scroll            |       |       |     6 ||     6
       Potion            |       |       |     1 ||     1
  Eat: Chunk             |       |     4 |     4 ||     8
       Ration            |       |       |     1 ||     1
Armor: Scale mail        |   102 |    52 |    68 ||   222
       Chain mail        |       |       |    19 ||    19
Dodge: Dodged            |    65 |    44 |    39 ||   148
Block: Shield            |    79 |    55 |    87 ||   221
